 Dungeon Crawl Stone Soup version 0.32-a0-520-g344ed53f66 (webtiles) character file.

Game seed: 16628207220578437341

1563 jasper the Martial Artist (level 8, 0/54 HPs)
             Began as a Merfolk Shapeshifter on Feb 27, 2024.
             Was a Believer of Uskayaw.
             Slain by an ice beast (8 damage)
             ... on level 6 of the Dungeon.
             The game lasted 00:09:05 (4298 turns).

jasper the Martial Artist (Merfolk Shapeshifter)    Turns: 4298, Time: 00:09:06

Health: 0/54       AC:  8    Str: 14    XL:     8   Next: 89%
Magic:  8/8        EV: 15    Int:  9    God:    Uskayaw [**....]
Gold:   353        SH:  0    Dex: 16    Spells: 7/7 levels left

rFire   + .          .
                       - Unarmed
rCold   . . .        (no shield)
rNeg    . . .        j - +3 ring mail "Qyupaxza" {+Blink rF+}
rPois   .            (helmet currently unavailable)
rElec   .            (cloak currently unavailable)
rCorr   .            (gloves currently unavailable)
SInv    .            (boots currently unavailable)
Will    .....        (no amulet)
Stlth   +            (no ring)
HPRegen 0.29/turn    (no ring)
MPRegen 0.11/turn

%: no passive effects
@: beast-form
A: beast (slay +2), (nimble swimmer 2), mertail
a: Begin Untransformation, Renounce Religion, Evoke Blink, Stomp, Line Pass


You were on level 6 of the Dungeon.
You worshipped Uskayaw.
Uskayaw was noncommittal.
You were a hulking beast.
You visited 1 branch of the dungeon, and saw 6 of its levels.

You collected 353 gold pieces.

Inventory:

Missiles
 h - 47 stones (quivered)
Armour
 a - a +0 animal skin
 f - a +0 helmet
 g - a +0 scale mail
 i - a +0 cloak of willpower
 j - the +3 ring mail "Qyupaxza" (worn) {+Blink rF+}
   (You took it off an orc on level 3 of the Dungeon)

   rF+:       It protects you from fire.
   +Blink:    It lets you blink.
Jewellery
 l - a ring of wizardry
Talismans
 c - a beast talisman (active)
 d - a flux talisman
Wands
 r - a wand of quicksilver (6)
Scrolls
 b - a scroll of revelation
 k - 2 scrolls of teleportation
 p - a scroll of identify
 q - a scroll of blinking
Potions
 e - a potion of attraction
 m - a potion of cancellation
 n - 5 potions of curing
 o - 3 potions of mutation


   Skills:
 - Level 1.1 Fighting
 + Level 9.0 Dodging
 - Level 10.0 Unarmed Combat
 - Level 4.0 Shapeshifting


You had 7 spell levels left.
You didn't know any spells.
Your spell library contained the following spells:

 Spells                   Type           Power      Damage    Failure   Level
 Apportation              Tloc           0%         N/A       63%         1
 Foxfire                  Conj/Fire      0%         2x1d4     63%         1
 Jinxbite                 Hex            0%         N/A       77%         2
 Lesser Beckoning         Tloc           0%         N/A       77%         2
 Searing Ray              Conj           0%         2d4       77%         2
 Gell's Gravitas          Tloc           0%         N/A       94%         3
 Teleport Other           Tloc           0%         N/A       94%         3
 Alistair's Intoxication  Alch           0%         N/A       100%        5
 Chain Lightning          Conj/Air       0%         N/A       100%        9


Dungeon Overview and Level Annotations

Branches:
Dungeon (6/15)
 Temple: D:4-7

Altars:
Ashenzari
Cheibriados
Makhleb
Uskayaw


Innate Abilities, Weirdness & Mutations

You are a hulking beast.
Your limbs bulge with bestial killing power. (Slay +2)
((You are very nimble when in or above water. (Stealth+, EV+, Speed+++)))
Your lower body shifts to a powerful aquatic tail in water.


Message History

You take 14 damage, and have 26/54 hp.
MASSIVE DAMAGE!!
You punch the ice beast! Your punch misses the ice beast.
The ice beast is severely wounded.
The adder barely misses you.
You can now pass through a line of other dancers.
You barely miss the ice beast.
The ice beast is severely wounded.
The ice beast hits you. The ice beast freezes you!
* * * LOW HITPOINT WARNING * * *
The adder misses you.
You take 10 damage, and have 16/54 hp.
You hit the adder.
The adder is moderately wounded.
The ice beast hits you.
* * * LOW HITPOINT WARNING * * *
The ice beast freezes you.
* * * LOW HITPOINT WARNING * * *
The adder bites you but does no damage.
You take 5 damage, and have 11/54 hp.
You hit the ice beast but do no damage.
The ice beast is severely wounded.
The orc misses you. The adder bites you.
* * * LOW HITPOINT WARNING * * *
The ice beast misses you.
You take 2 damage, and have 9/54 hp.
You hit the ice beast.
The ice beast is severely wounded.
The adder closely misses you.
The ice beast hits you but does no damage.
The orc closely misses you.
You closely miss the ice beast.
The ice beast is severely wounded.
The adder misses you.
You barely miss the ice beast.
The ice beast is severely wounded.
The ice beast hits you.
* * * LOW HITPOINT WARNING * * *
The ice beast freezes you!
You die...
Your body falls in perfect tune with the rhythm.

o...# ....# ##
.>...# ###.
.....#
/..###.....
#......# ######
#.###.oS...#
#..<.#
#....Yh<...#
#...†#
#............#
#....#
#..#########..#
#....# . .#
#....# #...)#
#..))# #....).#
#..####.# ...#
#..


You could see an ice beast, an adder and an orc.

Vanquished Creatures
  Sigmund (D:5)
  Menkaure (D:4)
  3 black bears
  2 ogres
  A phantom (D:4)
  3 scorpions
  2 bombardier beetles
  2 orc priests (D:3)
  2 hounds
  Crazy Yiuf (D:5)
  3 iguanas
  Ijyb (D:5)
  4 orc wizards
  4 gnolls (D:5)
  3 adders
  A white imp (D:5)
  5 dart slugs
  A ribbon worm (D:2)
  20 orcs
  9 endoplasms
  3 giant cockroaches
  2 hobgoblins
  4 jackals (D:4)
  4 quokkas
  8 ball pythons
  9 bats
  6 frilled lizards
  7 goblins
  7 kobolds
  5 rats
124 creatures vanquished.

Notes
Turn   | Place    | Note
-------+----------+-------------------------------------------
     0 | D:1      | jasper the Merfolk Shapeshifter began the quest for the
                  | Orb.
     0 | D:1      | Reached XP level 1. HP: 15/15 MP: 1/1
   129 | D:1      | Reached XP level 2. HP: 21/21 MP: 2/2
   135 | D:1      | Reached skill level 4 in Unarmed Combat
   171 | D:1      | Got Tetasaxt's Textbook on the Fifth Circle
   622 | D:2      | Reached XP level 3. HP: 23/26 MP: 3/3
   764 | D:2      | Reached skill level 5 in Unarmed Combat
   986 | D:2      | Found a hide-covered altar of Uskayaw.
  1049 | D:2      | Reached XP level 4. HP: 29/32 MP: 4/4
  1102 | D:2      | Became a worshipper of Uskayaw the Reveller
  1398 | D:3      | Reached * piety under Uskayaw
  1479 | D:3      | Identified the +3 ring mail "Qyupaxza" {+Blink rF+}
  1483 | D:3      | Reached ** piety under Uskayaw
  1584 | D:3      | Reached *** piety under Uskayaw
  1585 | D:3      | Reached skill level 6 in Unarmed Combat
  1736 | D:3      | Reached XP level 5. HP: 37/37 MP: 5/5
  1751 | D:3      | Reached **** piety under Uskayaw
  1875 | D:3      | Found a faded altar of an unknown god.
  1891 | D:3      | Found a broken altar of Ashenzari.
  1892 | D:3      | Found a hide-covered altar of Uskayaw.
  2102 | D:4      | Noticed Menkaure
  2267 | D:5      | Entered Level 5 of the Dungeon
  2267 | D:5      | Noticed a black bear
  2373 | D:4      | Killed Menkaure
  2374 | D:4      | Reached skill level 7 in Unarmed Combat
  2374 | D:4      | Reached XP level 6. HP: 10/43 MP: 6/6
  2575 | D:4      | Reached skill level 8 in Unarmed Combat
  2719 | D:4      | Noticed a black bear
  2730 | D:4      | Reached XP level 7. HP: 48/48 MP: 7/7
  2744 | D:4      | Found a snail-covered altar of Cheibriados.
  2796 | D:4      | Reached skill level 9 in Unarmed Combat
  2890 | D:4      | Found a burning altar of Makhleb.
  3282 | D:5      | Noticed Sigmund
  3353 | D:5      | Reached skill level 10 in Unarmed Combat
  3367 | D:5      | Reached XP level 8. HP: 48/54 MP: 8/8
  3377 | D:5      | Reached ***** piety under Uskayaw
  3515 | D:5      | Reached skill level 5 in Dodging
  3592 | D:5      | Killed Sigmund
  3756 | D:5      | Identified the +1 whip of the Beast {vamp, Str+5}
  3873 | D:5      | Noticed Ijyb
  3888 | D:5      | Killed Ijyb
  3984 | D:5      | Found a runed translucent door.
  3985 | D:5      | Noticed Crazy Yiuf
  4102 | D:5      | Killed Crazy Yiuf
  4298 | D:6      | Slain by an ice beast

Illustrated notes

Levels and vault maps discovered:
D:1:      lightli_arrival_boilingwater, layout_loops_ring
D:2:      layout_basic, basic_altar, minmay_misc_feat_doors,
          chequers_serial_rivers_large_b
D:3:      layout_rooms, nicolae_overflow_two_pavilions,
          ebering_ecumenical_altar_sacrificial, guppyfry_early_lair_pool
D:4:      layout_cave_pods, nicolae_overflow_hidden_temple,
          mainiacjoe_overflow_24_doors, minmay_liquid_box,
          kennysheep_generic_room_8, uniq_menkaure
D:5:      layout_rooms, uniq_crazy_yiuf_cottage, uniq_sigmund, uniq_ijyb
D:6:      gammafunk_cloud_chamber, layout_rooms, jmf_multi_god_temple2,
          minmay_temple_entry_enclosed_plants,
          nicolae_shop_distant_corner_stores, item_on_display_a

Skill      XL: |  1  2  3  4  5  6  7  8 |
---------------+-------------------------+-----
Unarmed Combat | 4 5 6 7 8 10 | 10.0
Dodging        | 4 9 |  9.0
Fighting       | |  1.1
Shapeshifting  | |  4.0

Action                     |  1- 3 |  4- 6 |  7- 9 || total
---------------------------+-------+-------+-------++-------
  Melee: Unarmed           |    73 |   144 |   163 ||   380
         Punch             |       |     6 |    11 ||    17
  Throw: Stone             |       |       |     6 ||     6
    Use: Scroll            |     2 |     9 |     1 ||    12
         Potion            |       |     2 |       ||     2
   Stab: Paralysed         |       |     3 |     2 ||     5
 Armour: Animal skin       |     2 |       |       ||     2
         Scale mail        |    37 |    18 |       ||    55
         Ring mail         |       |    82 |    99 ||   181
         Skin              |       |     3 |       ||     3
  Dodge: Dodged            |    38 |    89 |    78 ||   205
         Repelled          |       |     1 |     8 ||     9

Table legend: (Time is in decaauts)
 A = Elapsed time spent in this place.
 B = Non-inter-level travel time spent in this place.
 C = Inter-level travel time spent in this place.
 D = Time resting spent in this place.
 E = Time spent auto-exploring this place.
 F = Levels seen in this place.
 G = Mean time per level.
                   A        B        C        D        E       F      G
               +--------+--------+--------+--------+--------+-----+--------+
         Total |   4215 |   4006 |    209 |    172 |   2879 |   6 |  702.5 |
       Dungeon |   4215 |   4006 |    209 |    172 |   2879 |   6 |  702.5 |
               +--------+--------+--------+--------+--------+-----+--------+

Top non-repeatable levels by time:
     D:4: 1198 daAuts
     D:5: 862 daAuts
     D:2: 761 daAuts
     D:3: 691 daAuts
     D:1: 606 daAuts
     D:6: 95 daAuts
